 Dungeon Crawl Stone Soup version 0.20.0 (webtiles) character file.

134964 Danakh the Severer (level 16, -14/118 HPs)
             Began as a Demonspawn Fighter on May 28, 2017.
             Was the Champion of Yredelemnul.
             Killed from afar by a deep elf annihilator (46 damage)
             ... with a bolt of lightning
             ... on level 3 of the Elven Halls on May 29, 2017.
             The game lasted 02:21:08 (25441 turns).

Danakh the Severer (Demonspawn Fighter)            Turns: 25441, Time: 02:21:10

Health: -14/118    AC: 16    Str: 25    XL:     16   Next: 63%
Magic:  0/26       EV:  5    Int: 11    God:    Yredelemnul [******]
Gold:   1006       SH: 19    Dex: 13    Spells: 15/15 levels left

rFire    . . .     SeeInvis +   a - +4 broad axe
rCold    . . .     Gourm    .   f - +0 large shield
rNeg     + + .     Faith    .   M - +0 plate armour of Recklessness {rN+ Str+3}
rPois    .         Spirit   +   (helmet unavailable)
rElec    .         Reflect  .   O - +0 cloak
rCorr    .         Harm     .   (no gloves)
MR       ++...                  c - +0 pair of boots
Stlth    ..........             A - amulet of guardian spirit
Regen    1.3/turn               L - ring of protection from magic
MPRegen  0.2/turn               Y - +1 ring of slaying

@: corroded, very slightly contaminated
A: horns 3, talons 1, iridescent scales 3, see invisible, demonic guardian 3,
frail 1, negative energy resistance 1, powered by death 1
a: Recall Undead Slaves, Injury Mirror, Animate Dead, Drain Life, Enslave Soul,
Renounce Religion


You were on level 3 of the Elven Halls.
You worshipped Yredelemnul.
Yredelemnul was exalted by your worship.
You were very hungry.

You visited 4 branches of the dungeon, and saw 26 of its levels.
You also visited: Volcano.

You collected 2812 gold pieces.
You spent 1806 gold pieces at shops.

Inventory:

Hand Weapons
 a - a +4 broad axe (weapon)
 e - the +3 bardiche "Konus" {flame, Dex+2}
   (You found it on level 4 of the Dungeon)

   It has been specially enchanted to burn those struck by it, causing extra
   injury to most foes and up to half again as much damage against particularly
   susceptible opponents.
   Big, fiery blades are also staple armaments of hydra-hunters.
   It affects your dexterity (+2).
 p - the +8 autumn katana {slice, Clar}
   (You found it on level 5 of the Lair of Beasts)

   It inflicts extra damage upon your enemies.
   It protects you against confusion.
 Q - a +2 short sword of distortion
 W - a +7 executioner's axe of flaming
Armour
 c - a +0 pair of boots (worn)
 f - a +0 large shield (worn)
 M - the +0 plate armour of Recklessness (worn) {rN+ Str+3}
   (You bought it in a shop on level 3 of the Elven Halls)

   It affects your strength (+3).
   It protects you from negative energy.
 O - a +0 cloak (worn)
Jewellery
 n - an uncursed ring of flight
 A - an amulet of guardian spirit (around neck)
 L - a ring of protection from magic (left hand)
 X - an uncursed ring of see invisible
 Y - a +1 ring of slaying (right hand)
Wands
 H - a wand of disintegration (7/24)
 I - a wand of digging (16/24)
 J - a wand of flame (35/48)
 U - a wand of acid (10/15)
 V - a wand of iceblast (6/15)
Scrolls
 j - 16 scrolls of teleportation
 k - 17 scrolls of remove curse
 v - 3 scrolls of immolation
 y - a scroll of fog
 z - a scroll of silence
 E - 7 scrolls of enchant armour
 F - 4 scrolls of fear
 G - 4 scrolls of magic mapping
 R - 4 scrolls of recharging
 S - 2 scrolls of summoning
Potions
 b - 2 potions of agility
 d - 5 potions of berserk rage
 h - 11 potions of curing
 i - 3 potions of magic
 l - 4 potions of invisibility
 o - a potion of might
 q - 5 potions of mutation
 s - 6 potions of brilliance
 t - 3 potions of resistance
 u - 6 potions of lignification
 w - 2 potions of flight
 x - 3 potions of heal wounds
 B - a potion of cancellation
 P - 3 potions of haste
Comestibles
 g - 8 royal jellies
 m - 18 meat rations
 C - 47 fruits
 K - 2 bread rations


   Skills:
 + Level 13.8 Fighting
 * Level 15.2 Axes
 + Level 12.7 Armour
 * Level 11.4 Shields
 + Level 14.6 Invocations


You had 15 spell levels left.
You didn't know any spells.

Dungeon Overview and Level Annotations

Branches:
Dungeon (15/15)            Temple (0/1) D:7            Lair (6/6) D:9
  Swamp (0/4) Lair:4        Snake (0/4) Lair:4        Slime (0/5) Lair:5
    Orc (2/2) D:10            Elf (3/3) Orc:2        Vaults (0/5) D:14
 Depths (0/5) D:15

Altars:
Ashenzari
Cheibriados
Fedhas
Gozag
Hepliaklqana
Makhleb
Nemelex Xobeh
Okawaru
Qazlal
Sif Muna
Uskayaw
Vehumet
Xom
Yredelemnul
Zin
Jiyva

Shops:
D:6 :   D:7 *   D:9 ?   D:14 :   Orc:2 [!((   Elf:1 [   Elf:3 [*?

Annotations:
Elf:3 2 exclusions


Innate Abilities, Weirdness & Mutations

You have a pair of large horns on your head.
You are completely covered in iridescent scales. (AC +6)
A powerful demonic guardian rushes to your aid.
You resist negative energy. (rN+)
You regenerate a little health from kills.
You have sharp toenails.
You have supernaturally acute eyesight. (SInv)
You are frail. (-10% HP)


Message History

You draw life from your surroundings.
You draw life from the deep elf master archer.
The deep elf master archer is heavily wounded.
You draw life from the deep elf annihilator.
The deep elf annihilator is heavily wounded.
You draw life from the deep elf sorcerer.
The deep elf sorcerer is severely wounded.
You draw life from the deep elf archer.
The deep elf archer is almost dead.
You feel life flooding into your body.
You feel quite a bit more hungry.
The deep elf sorcerer barely misses your bone dragon.
The Hell Sentinel gestures at you.
The sphere of damnation explodes!
The damnation engulfs you!
* * * LOW HITPOINT WARNING * * *
The damnation engulfs your cacodemon.
Your cacodemon dies!
The deep elf annihilator gestures at you while chanting.
The bolt of lightning hits you!
You die...
Your body rises from the dead as a mindless zombie.

#....#.#####.#....##.#.##
#..)..........#..##.....#
#
#....#.#######..####.#.##
# ##.......# ##.## #.###
# #..#....## #.n#
#.###### ###......# #..#
#....... #......#
#..#######...
#....(.#####.....####...
##...e.@.##.[n..........
#...)...###.....####...
#...))..###..##.## ##.#
##.e.)x...##..###.###...
##.)........#....#.##D...
#..1..E####........#.zz..
#..)D.E# #........V#....
#.)eeE.# ###############
#.#))#.# #


You could see a Hell Sentinel, a deep elf master archer, a deep elf annihilator,
a deep elf sorcerer, a deep elf archer, 3 earth elementals, a small abomination
and a friendly bone dragon.

Vanquished Creatures
  3 deep elf elementalists (Elf:3)
  The ghost of moogleknight the Basher, a journeyman GrFi of the Shining One (Volcano)
  A deep elf demonologist (Elf:3)
  A deep elf annihilator (Elf:3)
  An ettin (Orc:2)
  2 deep elf death magi (Elf:3)
  A deep elf high priest (Elf:3)
  A hydra (Lair:2)
  4 centaur warriors
  2 ogre magi (D:15)
  3 two-headed ogres
  4 death yaks
  8 dancing weapons
  An orc high priest (Orc:2)
  6 spriggans (Lair:6)
  5 deep elf knights
  A skeletal warrior (D:15)
  4 unseen horrors
  A lindwurm (Volcano)
  A deep troll (Orc:2)
  15 deep elf magi
  A wolf spider zombie (D:15)
  2 ugly things (D:14)
  5 cyclopes
  2 orc sorcerers
  2 salamanders (Volcano)
  A black mamba (Lair:6)
  Maurice (D:13)
  An ice statue (Lair:5)
  Joseph (D:8)
  9 spiny frogs
  An efreet (D:15)
  4 centaur skeletons
  3 rime drakes
  4 komodo dragons
  An ice devil (Lair:5)
  2 polar bears (Lair:6)
  2 hornets
  7 trolls
  17 blink frogs
  Grinder (D:6)
  A dream sheep (Lair:5)
  Sigmund (D:5)
  3 hippogriffs
  A shadow (D:15)
  A slime creature (D:13)
  A vampire (D:14)
  2 air elementals (Elf:2)
  5 wyverns
  The ghost of Senshi the Chopper, an amateur MiBe of Trog (D:4)
  A wraith (D:13)
  25 yaks
  3 fire elementals (Elf:1)
  2 hogs (D:15)
  Eustachio (D:5)
  2 basilisks
  A vampire mosquito (D:14)
  2 humans (D:14)
  A large abomination (Elf:1)
  2 hungry ghosts
  2 wargs
  3 swamp worms (Lair:4)
  Menkaure (D:5)
  5 soldier ants (Lair:3)
  2 acid dragons
  5 water moccasins
  7 porcupines
  3 black bears
  6 ice beasts (Lair:5)
  4 eyes of draining
  8 orc warriors
  2 sky beasts
  A hornet zombie (D:11)
  A black bear (shapeshifter) (D:14)
  4 boggarts (Lair:6)
  26 ogres
  12 centaurs
  14 wolves (Lair:6)
  15 crocodiles
  4 big kobolds
  11 bullfrogs
  An earth elemental (Elf:1)
  6 killer bees (D:8)
  5 scorpions
  2 howler monkeys
  4 wights (D:11)
  2 electric eels
  A bullfrog zombie (D:10)
  7 crimson imps
  2 centaur zombies
  4 jellies
  5 orc priests
  4 hounds
  10 orc wizards
  3 iguanas
  Natasha (thrice) (D:4)
  2 hell rats (D:9)
  13 worker ants
  3 hound zombies
  A hound skeleton (D:5)
  2 worker ant zombies
  3 gnolls (D:7)
  11 adders
  2 river rats (D:9)
  2 shadow imps
  An adder zombie (D:8)
  2 worms
  2 dart slugs
  2 leopard geckos
  39 orcs
  A ball python (D:5)
  5 giant cockroaches
  4 goblins
  8 hobgoblins
  12 jackals
  23 kobolds
  3 quokkas
  6 bats
  3 frilled lizards
  2 jackal skeletons
  A quokka skeleton (D:7)
  10 rats
  A plant (Lair:3)
548 creatures vanquished.

Vanquished Creatures (collateral kills)
  Rupert (Lair:4)
  A deep elf master archer (Elf:3)
  Kirke (D:15)
  A deep elf sorcerer (Elf:1)
  3 deep elf elementalists (Elf:3)
  Nessos (Lair:4)
  A deep elf annihilator (Elf:1)
  2 deep elf death magi
  2 deep elf high priests
  6 hydras
  Fannar (Lair:3)
  22 two-headed ogres
  3 death yaks
  A queen ant (Lair:3)
  Erica (Lair:2)
  2 centaur warriors
  18 dancing weapons
  2 ogre magi (Orc:2)
  Urug (Lair:3)
  Sonja (D:11)
  7 deep elf knights (Elf:2)
  3 slime creatures (D:13)
  A fire crab (Lair:6)
  A small abomination (Elf:3)
  2 skeletal warriors (D:15)
  4 unseen horrors
  A deep troll (Orc:2)
  A swamp dragon (shapeshifter) (D:13)
  3 deep elf archers
  A lindwurm (Lair:3)
  3 necromancers (Elf:1)
  An orc knight (D:14)
  3 ugly things (D:14)
  A wolf spider (D:15)
  24 deep elf magi
  4 cyclopes
  A centaur zombie (D:15)
  2 black mambas (Lair:4)
  2 naga magi (D:15)
  A kobold demonologist (D:15)
  A torpor snail (Lair:5)
  5 spiny frogs
  A centaur skeleton (D:13)
  6 komodo dragons
  An efreet (D:15)
  3 polar bears
  8 trolls
  4 hornets
  A polar bear (shapeshifter) (D:14)
  2 dream sheep (Lair:6)
  6 hippogriffs
  13 blink frogs
  8 spriggans (Lair:6)
  An air elemental (Elf:1)
  A wyvern (Lair:3)
  A wraith (D:11)
  10 yaks
  A fire bat (Volcano)
  2 hogs (D:15)
  2 basilisks
  14 humans (D:14)
  A golden eye (shapeshifter) (Elf:3)
  2 vampire mosquitoes (D:14)
  4 large abominations (Elf:1)
  6 wargs
  2 swamp worms (Lair:4)
  A naga (Lair:4)
  4 porcupines
  2 hell hounds (Volcano)
  6 water moccasins
  4 orc warriors
  A black bear (Lair:6)
  9 ice beasts
  2 sky beasts
  An eye of draining (D:15)
  12 ogres
  3 wolves (Lair:6)
  6 centaurs
  An elf zombie (Elf:1)
  8 crocodiles
  2 earth elementals (Elf:2)
  6 bullfrogs
  A scorpion (D:13)
  An electric eel (Lair:3)
  A howler monkey (D:10)
  2 crimson imps
  A bullfrog zombie (D:11)
  A hound (D:10)
  2 jellies
  A bullfrog skeleton (D:8)
  8 orc wizards
  5 orc priests
  An iguana (D:9)
  6 worker ants
  A howler monkey skeleton (D:10)
  An adder (D:8)
  2 shadow imps
  20 orcs
  A jackal (D:10)
  A kobold (D:10)
  2 quokkas (D:9)
  A frilled lizard (D:2)
  A butterfly (D:2)
  A crawling corpse (Elf:3)
  22 fungi
  25 plants
419 creatures vanquished.

Vanquished Creatures (others)
  A bone dragon (Elf:2)
  A deep elf elementalist (Elf:3)
  A ghoul (Elf:3)
  4 vampire knights
  2 two-headed ogres
  2 flayed ghosts (Elf:3)
  4 skeletal warriors
  3 phantasmal warriors
  An ettin zombie (Orc:2)
  4 wraiths
  14 flying skulls
  2 vampires
  A black mamba zombie (Lair:6)
  9 elf zombies
  2 ogre zombies (Orc:2)
  2 spiny frog zombies
  A two-headed ogre zombie (Volcano)
  4 blink frog zombies (Lair:6)
  A dream sheep zombie (Lair:6)
  A lindwurm zombie (Volcano)
  A hornet zombie (Lair:6)
  An elf skeleton (Elf:2)
  2 rime drake zombies
  A hog zombie (D:15)
  A salamander zombie (Volcano)
  A komodo dragon zombie (Lair:5)
  2 cyclops zombies (D:15)
  A water moccasin zombie (Lair:6)
  A polar bear zombie (Lair:5)
  2 troll zombies
  4 yak zombies
  2 wights
  6 wolf zombies (Lair:6)
  A bullfrog zombie (D:13)
  2 centaur zombies (Volcano)
  3 black bear zombies (Lair:6)
  A big kobold zombie (D:9)
  A crocodile zombie (Lair:5)
  A hound zombie (D:13)
  A mummy (Lair:4)
  A worker ant zombie (D:13)
  A jackal zombie (D:10)
  2 kobold zombies (D:10)
  9 orc zombies
  11 fungi
  4 plants (Lair:6)
123 creatures vanquished.

Grand Total: 1090 creatures vanquished

Notes
Turn   | Place    | Note
-------+----------+-------------------------------------------
     0 | D:1      | Danakh the Demonspawn Fighter began the quest for the Orb.
     0 | D:1      | Reached XP level 1. HP: 18/18 MP: 1/1
   297 | D:1      | Reached skill level 2 in Axes
   525 | D:1      | Gained mutation: You have a pair of small horns on your head. [demonic ancestry]
   525 | D:1      | Reached XP level 2. HP: 24/24 MP: 2/2
  1271 | D:2      | Gained mutation: You regenerate a little health from kills. [demonic ancestry]
  1271 | D:2      | Reached XP level 3. HP: 24/29 MP: 3/3
  1309 | D:2      | Found a faded altar of an unknown god.
  1348 | D:2      | Became a worshipper of Yredelemnul the Dark
  1348 | D:2      | Reached * piety under Yredelemnul
  1422 | D:2      | Noticed a hand axe
  1423 | D:2      | Noticed a dagger
  1426 | D:2      | Found a hide-covered altar of Uskayaw.
  1506 | D:2      | Found a burning altar of Makhleb.
  1531 | D:2      | Found a shimmering altar of Xom.
  1861 | D:2      | Gained mutation: You have a pair of horns on your head. [demonic ancestry]
  1861 | D:2      | Reached XP level 4. HP: 36/36 MP: 4/4
  2333 | D:3      | Reached ** piety under Yredelemnul
  2394 | D:3      | Found an opulent altar of Gozag.
  2876 | D:3      | Found a glowing silver altar of Zin.
  2876 | D:3      | Found a shattered altar of Ashenzari.
  3022 | D:3      | Found a radiant altar of Vehumet.
  3036 | D:3      | Found a snail-covered altar of Cheibriados.
  3262 | D:4      | Gained mutation: You are partially covered in iridescent scales. (AC +2) [demonic ancestry]
  3262 | D:4      | Reached XP level 5. HP: 17/42 MP: 5/5
  3426 | D:4      | Noticed Senshi's ghost (amateur MiBe)
  3499 | D:4      | Reached skill level 3 in Axes
  3764 | D:4      | Killed Senshi's ghost
  3764 | D:4      | Reached XP level 6. HP: 34/48 MP: 6/6
  3836 | D:4      | Noticed Natasha
  3839 | D:4      | Killed Natasha
  3841 | D:4      | Got an ancient bardiche
  3917 | D:4      | Noticed Natasha
  3928 | D:4      | Killed Natasha
  4011 | D:4      | Noticed Natasha
  4017 | D:4      | Killed Natasha
  4044 | D:4      | Found a blossoming altar of Fedhas.
  4099 | D:4      | Reached skill level 4 in Axes
  4237 | D:4      | Gained mutation: You are mostly covered in iridescent scales. (AC +4) [demonic ancestry]
  4237 | D:4      | Reached XP level 7. HP: 53/55 MP: 7/7
  4471 | D:5      | Entered Level 5 of the Dungeon
  4487 | D:5      | Noticed Menkaure
  4698 | D:5      | Killed Menkaure
  4784 | D:5      | Noticed Eustachio
  4786 | D:5      | Noticed Sigmund
  4792 | D:5      | Killed Eustachio
  4792 | D:5      | Reached skill level 5 in Fighting
  4792 | D:5      | Reached skill level 5 in Axes
  4815 | D:5      | Killed Sigmund
  4815 | D:5      | Reached skill level 5 in Armour
  4815 | D:5      | Gained mutation: A weak demonic guardian rushes to your aid. [demonic ancestry]
  4815 | D:5      | Reached XP level 8. HP: 29/62 MP: 8/8
  5067 | D:5      | Found a sparkling altar of Nemelex Xobeh.
  5279 | D:6      | Reached *** piety under Yredelemnul
  5317 | D:6      | Noticed Grinder
  5326 | D:6      | Killed Grinder
  5326 | D:6      | Reached skill level 6 in Axes
  5525 | D:6      | Reached skill level 5 in Shields
  5530 | D:6      | Found Utilyka's Book Boutique.
  5842 | D:7      | Noticed a hippogriff
  5854 | D:7      | Killed a hippogriff
  5854 | D:7      | Reached skill level 7 in Axes
  5854 | D:7      | Gained mutation: A demonic guardian rushes to your aid. [demonic ancestry]
  5854 | D:7      | Reached XP level 9. HP: 55/69 MP: 9/9
  6245 | D:7      | Found a staircase to the Ecumenical Temple.
  6370 | D:7      | Found Awaceuwk's Assorted Antiques.
  6507 | D:7      | Noticed a troll
  6514 | D:7      | Killed a troll
  6575 | D:7      | You fall through a shaft for 3 floors!
  6575 | D:10     | Entered Level 10 of the Dungeon
  6585 | D:10     | Noticed a troll
  6588 | D:10     | Killed a troll
  6588 | D:10     | Reached skill level 8 in Axes
  6593 | D:9      | Found a staircase to the Lair.
  6593 | D:9      | Noticed a death yak
  6593 | D:9      | Noticed a death yak
  6611 | D:10     | Reached **** piety under Yredelemnul
  6633 | D:10     | Found a staircase to the Orcish Mines.
  6647 | D:10     | Received a gift from Yredelemnul (2 flying skulls)
  6849 | D:10     | Gained mutation: You have a pair of large horns on your head. [demonic ancestry]
  6849 | D:10     | Reached XP level 10. HP: 67/79 MP: 10/10
  7007 | D:9      | Noticed a two-headed ogre
  7012 | D:9      | Killed a two-headed ogre
  7012 | D:9      | Reached skill level 9 in Axes
  7054 | D:9      | Noticed a death yak
  7064 | D:9      | Killed a death yak
  7069 | D:9      | Killed a death yak
  7086 | D:9      | Killed a death yak
  7377 | D:8      | Received a gift from Yredelemnul (a wight)
  7430 | D:8      | Noticed a two-headed ogre
  7435 | D:8      | Killed a two-headed ogre
  7435 | D:8      | Reached skill level 1 in Invocations
  7633 | D:8      | Found an iron altar of Okawaru.
  7660 | D:8      | Gained mutation: You are completely covered in iridescent scales. (AC +6) [demonic ancestry]
  7660 | D:8      | Reached XP level 11. HP: 87/87 MP: 12/12
  7710 | D:8      | Reached skill level 10 in Axes
  7776 | D:8      | Noticed a two-headed ogre
  7782 | D:8      | Killed a two-headed ogre
  7783 | D:8      | Received a gift from Yredelemnul (4 flying skulls)
  7903 | D:8      | Noticed Joseph
  7903 | D:8      | Found a stormy altar of Qazlal.
  7919 | D:8      | Killed Joseph
  7936 | D:8      | Found a hazy altar of Hepliaklqana.
  8067 | D:8      | Found a deep blue altar of Sif Muna.
  8121 | D:8      | Received a gift from Yredelemnul (a mummy)
  8528 | D:9      | Found Xeloilio's Magic Scroll Boutique.
  8531 | D:9      | Bought a scroll of identify for 26 gold pieces
  8531 | D:9      | Bought a scroll of recharging for 123 gold pieces
  8531 | D:9      | Bought a scroll of summoning for 123 gold pieces
  8531 | D:9      | Bought a scroll of magic mapping for 45 gold pieces
  8531 | D:9      | Bought a scroll of teleportation for 39 gold pieces
  8568 | D:9      | Identified the cursed +3 bardiche "Konus" {flame, Dex+2} (You found it on level 4 of the Dungeon)
  8925 | D:9      | Found a deep blue altar of Sif Muna.
  9251 | D:10     | Killed an unseen horror
  9326 | D:10     | Received a gift from Yredelemnul (a wraith)
  9428 | D:10     | Noticed a two-headed ogre
  9597 | D:10     | Killed a two-headed ogre
  9794 | D:11     | Noticed Sonja
  9802 | D:11     | Killed Sonja
  9805 | D:11     | Killed an unseen horror
 10192 | D:11     | Received a gift from Yredelemnul (a wight)
 10296 | D:11     | Killed an unseen horror
 10343 | D:11     | Noticed a two-headed ogre
 10347 | D:11     | Killed a two-headed ogre
 10575 | D:12     | Received a gift from Yredelemnul (4 flying skulls)
 10671 | D:12     | Noticed a centaur warrior
 10677 | D:12     | Killed a centaur warrior
 10677 | D:12     | Reached skill level 11 in Axes
 10677 | D:12     | Reached skill level 5 in Invocations
 11263 | D:13     | Reached XP level 12. HP: 74/95 MP: 13/15
 11314 | D:13     | Noticed a two-headed ogre
 11318 | D:13     | Killed a two-headed ogre
 11327 | D:13     | Gained mutation: You are clumsy. (Dex -2) [mutagenic meat]
 11432 | D:13     | Noticed a centaur warrior
 11440 | D:13     | Killed a centaur warrior
 11741 | D:13     | Noticed Maurice
 11847 | D:13     | Paralysed by a hornet for 2 turns
 11977 | D:13     | Got a translucent ring mail
 12014 | D:13     | Killed Maurice
 12047 | D:13     | Noticed a six-headed hydra
 12056 | D:13     | Killed a six-headed hydra
 12200 | Lair:1   | Entered Level 1 of the Lair of Beasts
 12283 | Lair:1   | Found a dark tunnel.
 12294 | Volcano  | Entered a volcano
 12308 | Volcano  | Noticed moogleknight's ghost (journeyman GrFi)
 12312 | Volcano  | Noticed a two-headed ogre
 12315 | Volcano  | Killed a two-headed ogre
 12338 | Volcano  | Killed moogleknight's ghost
 12900 | Lair:1   | Received a gift from Yredelemnul (a wraith)
 12934 | Lair:1   | Reached skill level 10 in Fighting
 12936 | Lair:1   | Reached skill level 12 in Axes
 13212 | Lair:1   | Noticed a seven-headed hydra
 13220 | Lair:1   | Killed a seven-headed hydra
 13222 | Lair:1   | Received a gift from Yredelemnul (a skeletal warrior)
 13352 | Lair:2   | Noticed Erica
 13354 | Lair:2   | Noticed a seven-headed hydra
 13357 | Lair:2   | Killed Erica
 13364 | Lair:2   | Killed a seven-headed hydra
 13416 | Lair:2   | Gained mutation: You resist negative energy. (rN+) [demonic ancestry]
 13416 | Lair:2   | Reached XP level 13. HP: 95/103 MP: 18/18
 13529 | Lair:2   | Received a gift from Yredelemnul (4 flying skulls)
 14263 | Lair:3   | Received a gift from Yredelemnul (a wraith)
 14636 | Lair:3   | Noticed Urug
 14646 | Lair:3   | Killed Urug
 14697 | Lair:3   | Noticed Fannar
 14749 | Lair:3   | Killed Fannar
 15073 | Lair:4   | Noticed Nessos
 15079 | Lair:4   | Noticed Rupert
 15087 | Lair:4   | Paralysed by Rupert for 7 turns
 15506 | Lair:5   | Reached ***** piety under Yredelemnul
 15509 | Lair:5   | Found a staircase to the Slime Pits.
 15509 | Lair:5   | Found a viscous altar of Jiyva.
 15607 | Lair:4   | Killed Rupert
 15607 | Lair:4   | Reached skill level 10 in Armour
 15628 | Lair:4   | Found a staircase to the Snake Pit.
 15697 | Lair:4   | Received a gift from Yredelemnul (a wraith)
 15797 | Lair:4   | Killed Nessos
 15913 | Lair:4   | Found a staircase to the Swamp.
 15950 | Lair:4   | Received a gift from Yredelemnul (a vampire)
 16585 | Lair:5   | Received a gift from Yredelemnul (a skeletal warrior)
 16767 | Lair:5   | Reached skill level 10 in Invocations
 16948 | Lair:6   | Entered Level 6 of the Lair of Beasts
 17290 | Lair:6   | Received a gift from Yredelemnul (a phantasmal warrior)
 17296 | Lair:6   | Reached skill level 13 in Axes
 17350 | Lair:6   | Reached XP level 14. HP: 113/113 MP: 19/21
 17689 | Lair:6   | Received a gift from Yredelemnul (a ghoul)
 17767 | Lair:6   | Received a gift from Yredelemnul (a vampire knight)
 18547 | Orc:1    | Entered Level 1 of the Orcish Mines
 18587 | Orc:1    | Received a gift from Yredelemnul (a vampire knight)
 18902 | Orc:2    | Entered Level 2 of the Orcish Mines
 18930 | Orc:2    | Reached ****** piety under Yredelemnul
 18937 | Orc:2    | Found a staircase to the Elven Halls.
 19009 | Orc:2    | Found Wacked's Antique Weapon Emporium.
 19009 | Orc:2    | Found Tigaeh's Antique Armour Emporium.
 19017 | Orc:2    | Found Quomeske's Weapon Boutique.
 19019 | Orc:2    | Received a gift from Yredelemnul (a skeletal warrior)
 19025 | Orc:2    | Received a gift from Yredelemnul (a bone dragon)
 19037 | Orc:2    | Found Goceett's Distillery.
 19064 | Orc:2    | Bought a potion of heal wounds for 65 gold pieces
 19064 | Orc:2    | Bought a potion of curing for 39 gold pieces
 19064 | Orc:2    | Bought a potion of haste for 130 gold pieces
 19064 | Orc:2    | Bought a potion of haste for 130 gold pieces
 19064 | Orc:2    | Bought a potion of curing for 39 gold pieces
 19527 | Orc:2    | Received a gift from Yredelemnul (a bone dragon)
 19648 | Orc:2    | Bought a steaming chain mail for 218 gold pieces
 19658 | Orc:2    | Identified the +1 chain mail "Suhioxagekk" {Dex+4 Stlth+} (You bought it in a shop on level 2 of the Orcish Mines)
 19668 | Orc:2    | Identified the +0 ring mail of Baldness {rPois SInv Stlth+} (You found it on level 13 of the Dungeon)
 19736 | Elf:1    | Entered Level 1 of the Elven Halls
 19842 | Elf:1    | Received a gift from Yredelemnul (a flayed ghost)
 20066 | Elf:1    | Noticed a deep elf sorcerer
 20073 | Elf:1    | Killed a deep elf sorcerer
 20126 | Elf:1    | Found Ucwiusso's Antique Armour Shop.
 20131 | Elf:1    | Reached XP level 15. HP: 119/122 MP: 19/24
 20137 | Elf:1    | Bought a pair of boots for 157 gold pieces
 20525 | Elf:1    | Received a gift from Yredelemnul (a vampire knight)
 20571 | Elf:1    | Reached skill level 14 in Axes
 20712 | Elf:1    | Identified the Tome of Evil
 20897 | Elf:1    | Received a gift from Yredelemnul (a skeletal warrior)
 21107 | Elf:2    | Received a gift from Yredelemnul (a vampire knight)
 21748 | Elf:2    | Found a runed gate.
 21748 | Elf:2    | Found a runed gate.
 21758 | Elf:2    | Found a runed gate.
 21926 | Elf:2    | Received a gift from Yredelemnul (a phantasmal warrior)
 22789 | D:14     | Found a gate to the Vaults.
 22916 | D:14     | Received a gift from Yredelemnul (a phantasmal warrior)
 22978 | D:14     | Reached skill level 10 in Shields
 22994 | D:14     | Gained mutation: You have large cloven feet. [mutagenic meat]
 23036 | D:14     | Gained mutation: You are dopey. (Int -2) [mutagenic meat]
 23037 | D:14     | Gained mutation: You are weak. (Str -2) [mutagenic meat]
 23060 | D:14     | Lost mutation: You are dopey. (Int -2) [potion of mutation]
 23060 | D:14     | Lost mutation: You are weak. (Str -2) [potion of mutation]
 23060 | D:14     | Lost mutation: You are clumsy. (Dex -2) [potion of mutation]
 23060 | D:14     | Lost mutation: You have large cloven feet. [potion of mutation]
 23060 | D:14     | Gained mutation: You have supernaturally acute eyesight. (SInv) [potion of mutation]
 23060 | D:14     | Gained mutation: You are frail. (-10% HP) [potion of mutation]
 23060 | D:14     | Gained mutation: You have sharp toenails. [potion of mutation]
 23267 | D:14     | Found Maweh's Book Shop.
 23528 | D:15     | Entered Level 15 of the Dungeon
 23788 | D:15     | Gained mutation: A powerful demonic guardian rushes to your aid. [demonic ancestry]
 23788 | D:15     | Reached XP level 16. HP: 116/117 MP: 26/26
 23858 | D:15     | Received a gift from Yredelemnul (a vampire)
 23871 | D:15     | Noticed Kirke
 23885 | D:15     | Noticed a sphinx
 23887 | D:15     | Killed Kirke
 24277 | D:15     | Found a staircase to the Depths.
 24742 | Elf:3    | Entered Level 3 of the Elven Halls
 24755 | Elf:3    | Found Dashasy's Magic Scroll Boutique.
 24759 | Elf:3    | Found Faabil's Assorted Antiques.
 24760 | Elf:3    | Found Heceusy's Antique Armour Boutique.
 24765 | Elf:3    | Bought a crude plate armour for 672 gold pieces
 24778 | Elf:3    | Identified the +0 plate armour of Recklessness {rN+ Str+3} (You bought it in a shop on level 3 of the Elven Halls)
 24871 | Elf:3    | Gained mutation: You are weak. (Str -2) [mutagenic meat]
 24872 | Elf:3    | Lost mutation: You are weak. (Str -2) [mutagenic meat]
 25030 | Elf:2    | Reached skill level 15 in Axes
 25401 | Elf:3    | Received a gift from Yredelemnul (a flayed ghost)
 25420 | Elf:3    | Noticed a deep elf master archer
 25422 | Elf:3    | Noticed a deep elf master archer
 25426 | Elf:3    | Noticed a Hell Sentinel
 25437 | Elf:3    | HP: 2/118 [deep elf master archer/arrow (10)]
 25440 | Elf:3    | Killed a deep elf master archer
 25441 | Elf:3    | Killed from afar by a deep elf annihilator

Skill      XL: |  1  2  3  4  5  6  7  8  9 10 11 12 13 14 15 16 |
---------------+-------------------------------------------------+-----
Axes           | 2 3 4 5 7 8 9 11 12 13 14 15 | 15.2
Armour         | 3 4 5 6 7 8 9 10 11 12 | 12.7
Shields        | 3 4 5 6 7 8 9 10 11 | 11.4
Fighting       | 4 5 6 7 8 9 10 11 12 13 | 13.8
Invocations    | 1 5 7 10 12 14 | 14.6

Action                   |  1- 3 |  4- 6 |  7- 9 | 10-12 | 13-15 | 16-18 || total
-------------------------+-------+-------+-------+-------+-------+-------++-------
Melee: War axe           |   130 |   122 |   287 |   111 |       |       ||   650
       Headbutt          |    12 |    21 |    46 |   130 |   127 |    41 ||   377
       Broad axe         |       |       |       |   539 |   284 |   165 ||   988
       Scimitar          |       |       |       |     1 |     5 |       ||     6
       Executioner's axe |       |       |       |       |   437 |       ||   437
Invok: Animate Remains   |     4 |     3 |       |       |       |       ||     7
       Animate Dead      |       |       |     7 |    26 |    70 |    12 ||   115
       Recall Undead Sla |       |       |       |     2 |     5 |     3 ||    10
       Drain Life        |       |       |       |       |     3 |     6 ||     9
Evoke: Wand              |       |       |       |     1 |     3 |       ||     4
  Use: Scroll            |       |     5 |     5 |    14 |     8 |     1 ||    33
       Potion            |       |     6 |     1 |     5 |     7 |     5 ||    24
 Stab: Invisible         |       |     1 |       |     2 |       |       ||     3
       Distracted        |       |       |     2 |     7 |    11 |     3 ||    23
       Paralysed         |       |       |       |       |     3 |     1 ||     4
  Eat: Chunk             |     4 |     9 |    11 |    19 |    35 |     7 ||    85
       Fruit             |       |       |       |     2 |     6 |     7 ||    15
       Bread ration      |       |       |       |     3 |     4 |       ||     7
Armor: Scale mail        |    84 |    47 |       |       |       |       ||   131
       Plate armour      |       |     2 |   179 |   347 |   551 |    65 ||  1144
Dodge: Dodged            |    48 |    35 |    42 |    61 |   235 |    18 ||   439
Block: Shield            |    68 |    56 |   117 |   121 |       |       ||   362
       Large shield      |       |       |       |   294 |   239 |   142 ||   675
       Rpst.: Scimitar   |       |       |       |     1 |     1 |       ||     2
